| TOP OF THE 1ST |
|
Ogden Raptors batting - Pitching for Bristol Pirates : RHP Marvin Sharpe
|
|
Pitching: RHP Marvin Sharpe
|
|
|
Batting: SHB Javy Franco
|
0-0: Ball 1-0: Swinging Strike 1-1: Foul Ball, location: 2F 1-2: Foul Ball, location: 2F 1-2: Ground out 4-3 (Groundball, 4, EV 84.4 MPH)
|
|
Batting: SHB Alex Noval
|
0-0: Foul Ball, location: 2F 0-1: Ball 1-1: Ball 2-1: Ball 3-1: Base on Balls
|
|
Batting: RHB Adam Maczko
|
0-0: Ball 1-0: Called Strike 1-1: Ball 2-1: Called Strike Alex Noval is caught stealing 2nd base 2-4 2-2: SINGLE (Groundball, 34D, EV 106.2 MPH)
|
|
Batting: LHB Pedro Garza
|
0-0: Ball 1-0: Foul Ball, location: 2F 1-1: DOUBLE (Line Drive, 78D, EV 110.6 MPH) Adam Maczko to third Runner from 3rd tries for Home, SAFE, no throw by CF
|
|
Batting: RHB Juan Gallegos
|
0-0: Ground out 6-3 (Groundball, 6, EV 105.0 MPH)
|
| Top of the 1st over - 1 run, 2 hits, 0 errors, 1 left on base; Ogden 1 - Bristol 0 |
| BOTTOM OF THE 1ST |
|
Bristol Pirates batting - Pitching for Ogden Raptors : LHP Adrian Huerta
|
|
Pitching: LHP Adrian Huerta
|
|
|
Batting: RHB Matt Derrien
|
0-0: Called Strike 0-1: Fly out, F8 (Flyball, 8LD, EV 98.1 MPH)
|
|
Batting: LHB Ernesto Gasca
|
0-0: Called Strike 0-1: Swinging Strike 0-2: Strikes out swinging
|
|
Batting: RHB Jon Solis
|
0-0: Called Strike 0-1: Swinging Strike 0-2: Strikes out swinging
|
| Bottom of the 1st over - 0 runs, 0 hits, 0 errors, 0 left on base; Ogden 1 - Bristol 0 |
| TOP OF THE 2ND |
|
Ogden Raptors batting - Pitching for Bristol Pirates : RHP Marvin Sharpe
|
|
Batting: LHB Fernão Manta
|
0-0: Ball 1-0: Called Strike 1-1: Swinging Strike 1-2: Ground out 6-3 (Groundball, 56, EV 105.6 MPH)
|
|
Batting: RHB Brad Brady
|
0-0: Foul Ball, location: 2F 0-1: Foul Ball, location: 2F 0-2: Fly out, F8 (Flyball, 8RXD, EV 100.6 MPH)
|
|
Batting: SHB Jesus Gomez
|
0-0: Ground out 4-3 (Groundball, 4, EV 93.8 MPH)
|
| Top of the 2nd over - 0 runs, 0 hits, 0 errors, 0 left on base; Ogden 1 - Bristol 0 |
| BOTTOM OF THE 2ND |
|
Bristol Pirates batting - Pitching for Ogden Raptors : LHP Adrian Huerta
|
|
Batting: SHB Juan Ayala
|
0-0: Ball 1-0: Ball 2-0: Ball 3-0: Base on Balls
|
|
Batting: SHB Nathan Clement
|
0-0: Foul Ball, location: 2F 0-1: Ball 1-1: Foul Ball, location: 2F 1-2: Ball 2-2: Foul Ball, location: 2F 2-2: Ball 3-2: SINGLE (Line Drive, 34D, EV 98.1 MPH) Juan Ayala to second
|
|
Batting: RHB Ryan Thurston
|
0-0: Ball 1-0: Called Strike 1-1: Foul Ball, location: 2F 1-2: Foul Ball, location: 2F 1-2: Strikes out swinging
|
|
Batting: LHB Tommie Benefield
|
0-0: Ball 1-0: Called Strike 1-1: Foul Ball, location: 2F 1-2: Ball 2-2: Foul Ball, location: 2F 2-2: SINGLE (Flyball, 4MD, EV 85.6 MPH) Juan Ayala to third Nathan Clement to second
|
|
Batting: RHB Zachery Loomis
|
0-0: Ball 1-0: Ball 2-0: Ball 3-0: Base on Balls Juan Ayala scores Nathan Clement to third Tommie Benefield to second
|
|
Batting: RHB Brian Brewster
|
0-0: Ball 1-0: Called Strike 1-1: Swinging Strike 1-2: Strikes out looking
|
|
Batting: RHB Matt Derrien
|
0-0: Called Strike 0-1: Swinging Strike 0-2: Strikes out swinging
|
| Bottom of the 2nd over - 1 run, 2 hits, 0 errors, 3 left on base; Ogden 1 - Bristol 1 |
| TOP OF THE 3RD |
|
Ogden Raptors batting - Pitching for Bristol Pirates : RHP Marvin Sharpe
|
|
Batting: RHB Will Barksdale
|
0-0: Called Strike 0-1: DOUBLE (Line Drive, 89D, EV 111.9 MPH)
|
|
Batting: SHB Javy Franco
|
0-0: Ball 1-0: Ball 2-0: Foul Ball, location: 2F 2-1: Ball 3-1: 2-RUN HOME RUN (Flyball, 9D, EV 94.4 MPH), Distance : 351 ft
|
|
Batting: SHB Alex Noval
|
0-0: Ball 1-0: Called Strike 1-1: Ball 2-1: Ball 3-1: DOUBLE (Groundball, 3L, EV 100.6 MPH)
|
|
Batting: RHB Adam Maczko
|
0-0: Ball 1-0: Ball 2-0: Foul Ball, location: 2F 2-1: Ball 3-1: Ground out 5-3 (Groundball, 5, EV 83.8 MPH)
|
|
Batting: LHB Pedro Garza
|
0-0: Ball 1-0: Foul Ball, location: 2F 1-1: Foul Ball, location: 2F 1-2: Ball 2-2: Ball 3-2: Strikes out swinging
|
|
Batting: RHB Juan Gallegos
|
0-0: Ball 1-0: Fly out, F8 (Flyball, 8LD, EV 92.5 MPH)
|
| Top of the 3rd over - 2 runs, 3 hits, 0 errors, 1 left on base; Ogden 3 - Bristol 1 |
| BOTTOM OF THE 3RD |
|
Bristol Pirates batting - Pitching for Ogden Raptors : LHP Adrian Huerta
|
|
Batting: LHB Ernesto Gasca
|
0-0: Foul Ball, location: 2F 0-1: Ball 1-1: Ball 2-1: Foul Ball, location: 2F 2-2: Foul Ball, location: 2F 2-2: Ball 3-2: Ground out 6-3 (Groundball, P, EV 81.9 MPH)
|
|
Batting: RHB Jon Solis
|
0-0: Called Strike 0-1: Swinging Strike 0-2: Strikes out swinging
|
|
Batting: SHB Juan Ayala
|
0-0: Ball 1-0: Ball 2-0: Foul Ball, location: 2F 2-1: Ball 3-1: Swinging Strike 3-2: Strikes out looking
|
| Bottom of the 3rd over - 0 runs, 0 hits, 0 errors, 0 left on base; Ogden 3 - Bristol 1 |
| TOP OF THE 4TH |
|
Ogden Raptors batting - Pitching for Bristol Pirates : RHP Marvin Sharpe
|
|
Batting: LHB Fernão Manta
|
0-0: Called Strike 0-1: Called Strike 0-2: Ball 1-2: Fly out, F4 (Popup, 34, EV 63.8 MPH)
|
|
Batting: RHB Brad Brady
|
0-0: Called Strike 0-1: Ball 1-1: Ball 2-1: Ground out 1-3 (Groundball, 13S, EV 73.8 MPH)
|
|
Batting: SHB Jesus Gomez
|
0-0: Called Strike 0-1: Ground out 4-3 (Groundball, 4, EV 85.0 MPH)
|
| Top of the 4th over - 0 runs, 0 hits, 0 errors, 0 left on base; Ogden 3 - Bristol 1 |
| BOTTOM OF THE 4TH |
|
Bristol Pirates batting - Pitching for Ogden Raptors : LHP Adrian Huerta
|
|
Batting: SHB Nathan Clement
|
0-0: Ball 1-0: Ball 2-0: Ball 3-0: Base on Balls
|
|
Batting: RHB Ryan Thurston
|
0-0: Swinging Strike 0-1: DOUBLE (Line Drive, 89D, EV 110.6 MPH) Nathan Clement to third
|
|
Batting: LHB Tommie Benefield
|
0-0: Ball 1-0: Foul Ball, location: 2F 1-1: SINGLE (Groundball, 6M, EV 92.5 MPH) (infield hit) Nathan Clement scores Ryan Thurston to third
|
|
Batting: RHB Zachery Loomis
|
0-0: Called Strike 0-1: Called Strike 0-2: Ball 1-2: Foul Ball, location: 2F 1-2: Strikes out swinging
|
|
Batting: RHB Brian Brewster
|
0-0: Ball 1-0: Called Strike 1-1: Ball 2-1: Swinging Strike Passed Ball! Ryan Thurston scores Tommie Benefield to second 2-2: Ball 3-2: Strikes out swinging
|
|
Batting: RHB Matt Derrien
|
0-0: Ball 1-0: Swinging Strike 1-1: Foul Ball, location: 2F 1-2: Ball 2-2: 2-RUN HOME RUN (Line Drive, 9D, EV 94.4 MPH), Distance : 370 ft
|
|
Pitching: RHP Bart Bell
|
|
|
Batting: LHB Ernesto Gasca
|
0-0: Foul Ball, location: 2F 0-1: Foul Ball, location: 2F 0-2: Hit by Pitch
|
|
Batting: RHB Jon Solis
|
0-0: Called Strike 0-1: Swinging Strike 0-2: Ball 1-2: Strikes out swinging
|
| Bottom of the 4th over - 4 runs, 3 hits, 0 errors, 1 left on base; Ogden 3 - Bristol 5 |
| TOP OF THE 5TH |
|
Ogden Raptors batting - Pitching for Bristol Pirates : RHP Marvin Sharpe
|
|
Batting: RHB Will Barksdale
|
0-0: Ball 1-0: Ball 2-0: Ball 3-0: Base on Balls
|
|
Batting: SHB Javy Franco
|
0-0: Swinging Strike 0-1: Ball 1-1: Foul Ball, location: 2F 1-2: Strikes out swinging
|
|
Batting: SHB Alex Noval
|
0-0: Ball 1-0: Swinging Strike 1-1: Foul Ball, location: 2F 1-2: Fielders Choice at 2nd, 5-4 (Groundball, 56, EV 98.1 MPH)
|
|
Batting: RHB Adam Maczko
|
0-0: Ball 1-0: Called Strike 1-1: Foul Ball, location: 2F 1-2: Ball 2-2: Foul Ball, location: 2F 2-2: Ground out 4-3 (Groundball, 34S, EV 89.4 MPH)
|
| Top of the 5th over - 0 runs, 0 hits, 0 errors, 1 left on base; Ogden 3 - Bristol 5 |
| BOTTOM OF THE 5TH |
|
Bristol Pirates batting - Pitching for Ogden Raptors : RHP Bart Bell
|
|
Batting: SHB Juan Ayala
|
0-0: Foul Ball, location: 2F 0-1: SINGLE (Line Drive, 6M, EV 105.0 MPH)
|
|
Batting: SHB Nathan Clement
|
0-0: Called Strike 0-1: Swinging Strike 0-2: Strikes out swinging
|
|
Batting: RHB Ryan Thurston
|
0-0: Ball 1-0: Called Strike Juan Ayala is caught stealing 2nd base 2-4 1-1: Foul Ball, location: 2F 1-2: Strikes out looking
|
| Bottom of the 5th over - 0 runs, 1 hit, 0 errors, 0 left on base; Ogden 3 - Bristol 5 |
| TOP OF THE 6TH |
|
Ogden Raptors batting - Pitching for Bristol Pirates : RHP Marvin Sharpe
|
|
Pitching: RHP Dustin Hamblin
|
|
|
Batting: LHB Pedro Garza
|
0-0: Foul Ball, location: 2F 0-1: Ball 1-1: Swinging Strike 1-2: Strikes out swinging
|
|
Batting: RHB Juan Gallegos
|
0-0: Ground out 4-3 (Groundball, 4, EV 85.6 MPH)
|
|
Batting: LHB Fernão Manta
|
0-0: Foul Ball, location: 2F 0-1: Ball 1-1: Foul Ball, location: 2F 1-2: Ball 2-2: Ball 3-2: Base on Balls
|
|
Batting: RHB Brad Brady
|
0-0: Ground out 4-3 (Groundball, 4, EV 89.4 MPH)
|
| Top of the 6th over - 0 runs, 0 hits, 0 errors, 1 left on base; Ogden 3 - Bristol 5 |
| BOTTOM OF THE 6TH |
|
Bristol Pirates batting - Pitching for Ogden Raptors : RHP Bart Bell
|
|
Batting: LHB Tommie Benefield
|
0-0: Reached via error on a dropped throw from 1B, E1 (Groundball, 34, EV 83.8 MPH)
|
|
Batting: RHB Zachery Loomis
|
0-0: Called Strike 0-1: Ball 1-1: Called Strike 1-2: Strikes out swinging
|
|
Batting: RHB Brian Brewster
|
0-0: Ball Wild Pitch! Tommie Benefield to second 1-0: Called Strike 1-1: Called Strike 1-2: Ball 2-2: Ground out 4-3 (Groundball, 4MD, EV 85.0 MPH) Tommie Benefield to third
|
|
Batting: RHB Matt Derrien
|
0-0: Ball 1-0: Swinging Strike 1-1: Called Strike 1-2: Foul Ball, location: 2F 1-2: Ground out 5-3 (Groundball, 56S, EV 75.0 MPH)
|
| Bottom of the 6th over - 0 runs, 0 hits, 1 error, 1 left on base; Ogden 3 - Bristol 5 |
| TOP OF THE 7TH |
|
Ogden Raptors batting - Pitching for Bristol Pirates : RHP Dustin Hamblin
|
|
Now in RF: Sun-wei Kuai
|
|
|
Batting: SHB Jesus Gomez
|
0-0: Foul Ball, location: 2F 0-1: Ball 1-1: Ball 2-1: Ball 3-1: Swinging Strike 3-2: Base on Balls
|
|
Pitching: RHP Otok Barleyfoot
|
|
|
Batting: RHB Will Barksdale
|
0-0: Called Strike Jesus Gomez is caught stealing 2nd base 2-4 0-1: Ball 1-1: Foul Ball, location: 2F 1-2: Foul Ball, location: 2F 1-2: Ball 2-2: Foul Ball, location: 2F 2-2: SINGLE (Groundball, 56D, EV 106.9 MPH)
|
|
Batting: SHB Javy Franco
|
0-0: Ball 1-0: Grounds into double play, 6-4-3 (Groundball, 6MD, EV 99.4 MPH)
|
| Top of the 7th over - 0 runs, 1 hit, 0 errors, 0 left on base; Ogden 3 - Bristol 5 |
| BOTTOM OF THE 7TH |
|
Bristol Pirates batting - Pitching for Ogden Raptors : RHP Bart Bell
|
|
Batting: LHB Ernesto Gasca
|
0-0: Ball 1-0: Ball 2-0: Called Strike 2-1: Called Strike 2-2: Foul Ball, location: 2F 2-2: Foul Ball, location: 2F 2-2: Strikes out looking
|
|
Batting: RHB Jon Solis
|
0-0: Ground out 3-1 (Groundball, 34, EV 102.5 MPH)
|
|
Batting: SHB Juan Ayala
|
0-0: Ball 1-0: Ball 2-0: Ball 3-0: Base on Balls
|
|
Pitching: RHP Francisco Guzman
|
|
|
Batting: SHB Nathan Clement
|
0-0: Swinging Strike 0-1: Ground out U3 (Groundball, 3, EV 75.6 MPH)
|
| Bottom of the 7th over - 0 runs, 0 hits, 0 errors, 1 left on base; Ogden 3 - Bristol 5 |
| TOP OF THE 8TH |
|
Ogden Raptors batting - Pitching for Bristol Pirates : RHP Otok Barleyfoot
|
|
Batting: SHB Alex Noval
|
0-0: Called Strike 0-1: Foul Ball, location: 2F 0-2: Ball 1-2: Strikes out looking
|
|
Batting: RHB Adam Maczko
|
0-0: Ground out 3-1 (Groundball, 34, EV 78.1 MPH)
|
|
Batting: LHB Pedro Garza
|
0-0: Ball 1-0: Called Strike 1-1: Foul Ball, location: 2F 1-2: Strikes out looking
|
| Top of the 8th over - 0 runs, 0 hits, 0 errors, 0 left on base; Ogden 3 - Bristol 5 |
| BOTTOM OF THE 8TH |
|
Bristol Pirates batting - Pitching for Ogden Raptors : RHP Francisco Guzman
|
|
Batting: RHB Ryan Thurston
|
0-0: Foul Ball, location: 2F 0-1: Ball 1-1: Swinging Strike 1-2: Ball 2-2: Foul Ball, location: 2F 2-2: Ball 3-2: Strikes out swinging
|
|
Batting: LHB Sun-wei Kuai
|
0-0: Foul Ball, location: 2F 0-1: Swinging Strike 0-2: Foul Ball, location: 2F 0-2: Strikes out looking
|
|
Batting: RHB Zachery Loomis
|
0-0: Ball 1-0: Ball 2-0: Called Strike 2-1: Swinging Strike 2-2: Ball 3-2: Foul Ball, location: 2F 3-2: Strikes out swinging
|
| Bottom of the 8th over - 0 runs, 0 hits, 0 errors, 0 left on base; Ogden 3 - Bristol 5 |
| TOP OF THE 9TH |
|
Ogden Raptors batting - Pitching for Bristol Pirates : RHP Otok Barleyfoot
|
|
Pitching: RHP Tomas Cavazos
|
|
|
Batting: RHB Juan Gallegos
|
0-0: Called Strike 0-1: Called Strike 0-2: Ball 1-2: Ball 2-2: SINGLE (Groundball, 6D, EV 95.6 MPH)
|
|
Batting: LHB Fernão Manta
|
0-0: Ball 1-0: Foul Ball, location: 2F 1-1: Swinging Strike 1-2: Strikes out swinging
|
|
Batting: RHB Brad Brady
|
0-0: Called Strike 0-1: Ball 1-1: Foul Ball, location: 2F 1-2: DOUBLE (Line Drive, 7LM, EV 108.8 MPH) Juan Gallegos to third
|
|
Batting: SHB Jesus Gomez
|
0-0: Ball 1-0: Ball 2-0: Ball 3-0: Called Strike 3-1: Base on Balls
|
|
Pinch Hitting: RHB David Watkins
|
0-0: Called Strike 0-1: Ball 1-1: Ball 2-1: Ball 3-1: Foul Ball, location: 2F 3-2: Base on Balls Juan Gallegos scores Brad Brady to third Jesus Gomez to second
|
|
Batting: SHB Javy Franco
|
0-0: Foul Ball, location: 2F 0-1: Foul Ball, location: 2F 0-2: Ball 1-2: Foul Ball, location: 2F 1-2: Ball 2-2: DOUBLE (Groundball, 5D, EV 102.5 MPH) Brad Brady scores Jesus Gomez scores David Watkins to third
|
|
Pitching: LHP Angel Juarez
|
|
|
Batting: SHB Alex Noval
|
0-0: Called Strike 0-1: Foul Ball, location: 2F 0-2: Ball 1-2: Ball 2-2: DOUBLE (Groundball, 3L, EV 102.5 MPH) David Watkins scores Javy Franco scores
|
|
Batting: RHB Adam Maczko
|
0-0: Intentional Walk
|
|
Batting: LHB Pedro Garza
|
0-0: Ball 1-0: Ball 2-0: Ball 3-0: Swinging Strike 3-1: Swinging Strike 3-2: Foul Ball, location: 2F 3-2: Base on Balls Alex Noval to third Adam Maczko to second
|
|
Batting: RHB Juan Gallegos
|
0-0: Foul Ball, location: 2F 0-1: Ball 1-1: Foul Ball, location: 2F 1-2: Ball 2-2: Ball 3-2: Base on Balls Alex Noval scores Adam Maczko to third Pedro Garza to second
|
|
Batting: LHB Fernão Manta
|
0-0: Foul Ball, location: 2F 0-1: Foul Ball, location: 2F 0-2: Strikes out swinging
|
|
Batting: RHB Brad Brady
|
0-0: Called Strike 0-1: Ball 1-1: Ball 2-1: Ground out 3-1 (Groundball, 34S, EV 87.5 MPH)
|
| Top of the 9th over - 6 runs, 4 hits, 0 errors, 3 left on base; Ogden 9 - Bristol 5 |
| BOTTOM OF THE 9TH |
|
Bristol Pirates batting - Pitching for Ogden Raptors : RHP Francisco Guzman
|
|
Pitching: RHP Mike Barnhill
|
|
|
Now at C: David Watkins
|
|
|
Pinch Hitting: RHB Oscar Mora
|
0-0: Swinging Strike 0-1: Ball 1-1: Ball 2-1: Ball 3-1: SINGLE (Groundball, 6MD, EV 103.1 MPH)
|
|
Batting: RHB Matt Derrien
|
0-0: Swinging Strike 0-1: Called Strike 0-2: Ball 1-2: Foul Ball, location: 2F 1-2: Grounds into double play, 4-6-3 (Groundball, 4, EV 84.4 MPH)
|
|
Batting: LHB Ernesto Gasca
|
0-0: Ball 1-0: Foul Ball, location: 2F 1-1: Called Strike 1-2: Ball 2-2: Strikes out swinging
|
| Bottom of the 9th over - 0 runs, 1 hit, 0 errors, 0 left on base; Ogden 9 - Bristol 5 |
|